Map: [ESL] Gresvan

Players

DisK - Winner!

  • Race: Protoss Protoss
  • Spawn Location: 5:00

Erik

  • Race: Zerg Zerg
  • Spawn Location: 11:00

Event: ESL SC2 Masters 2023 Summer (Regionals)

VOD

Have the link to the VOD?

Description

Time

  • Played on: May 10, 2023, 2:06 p.m.
  • Length: 11:32

All games in this series

Show
View Real Time Build Order
Export as new Build Order

DisK Protoss - Winner!

Build Orders: 1 Gate Expand, Oracle Opening 

Get SALT Encoding   

  12  0:00  Probe  
  13  0:12  Probe  
  14  0:20  Pylon  
  14  0:24  Probe  
  15  0:38  Probe (Chrono Boost)  
  15  0:41  Gateway  
  16  0:48  Probe (Chrono Boost), Assimilator  
  17  0:53  Probe (Chrono Boost)  
  18  1:05  Probe  
  19  1:17  Probe  
  20  1:24  Nexus  
  20  1:33  Cybernetics Core  
  20  1:36  Probe  
  21  1:41  Assimilator  
  21  1:48  Probe  
  21  1:52  Pylon  
  22  2:00  Probe (Chrono Boost)  
  23  2:07  Adept (Chrono Boost)  
  23  2:12  Probe (Chrono Boost)  
  26  2:17  Probe (Chrono Boost), Stargate  
  27  2:27  Warp Gate  
  27  2:29  Probe  
  28  2:32  Adept (Chrono Boost)  
  30  2:39  Probe  
  30  2:41  Probe  
  33  2:51  Probe  
  33  2:53  Probe  
  33  2:56  Stalker  
  36  3:03  Probe  
  37  3:06  Oracle  
  37  3:12  Probe  
  41  3:15  Probe  
  41  3:16  Pylon  
  41  3:19  Gateway  
  42  3:27  Shield Battery  
  42  3:31  Probe  
  42  3:33  Probe  
  42  3:43  Probe  
  42  3:45  Probe, Oracle  
  47  3:55  Robotics Facility, Assimilator  
  45  3:57  Probe (Chrono Boost), Assimilator  
  45  3:58  Probe (Chrono Boost)  
  47  4:08  Pylon  
  47  4:09  Probe (Chrono Boost)  
  49  4:13  Probe (Chrono Boost)  
  49  4:14  Probe (Chrono Boost)  
  49  4:15  Adept x2  
  54  4:26  Probe x2  
  56  4:38  Probe x2  
  57  4:40  Oracle  
  60  4:50  Probe x2  
  60  4:51  Observer  
  62  4:54  Pylon  
  62  4:56  Pylon, Twilight Council  
  62  4:57  Forge  
  62  4:59  Nexus  
  62  5:10  Pylon  
  62  5:12  Probe x2  
  64  5:18  Immortal  
  64  5:20  Oracle  
  70  5:24  Probe  
  70  5:26  Probe  
  72  5:29  Protoss Ground Weapons Level 1 (Chrono Boost)  
  72  5:30  Blink (Chrono Boost)  
  72  5:31  Adept  
  72  5:32  Adept  
  76  5:36  Probe  
  76  5:38  Probe  
  78  5:46  Shield Battery  
  78  5:48  Probe  
  79  5:50  Gateway  
  79  5:55  Probe  
  80  5:57  Gateway  
  80  6:00  Probe  
  81  6:07  Probe  
  82  6:13  Probe (Chrono Boost)  
  78  6:19  Probe x2 (Chrono Boost)  
  78  6:22  Stalker x2  
  78  6:25  Probe (Chrono Boost)  
  85  6:30  Robotics Facility, Robotics Bay  
  85  6:31  Probe x2 (Chrono Boost)  
  88  6:33  Probe (Chrono Boost)  
  88  6:35  Probe x2 (Chrono Boost), Pylon  
  88  6:37  Assimilator  
  88  6:38  Assimilator  
  90  6:47  Pylon  
  90  6:58  Probe x2  
  86  7:04  Gateway  
  86  7:05  Gateway, Stalker, Sentry x2  
  86  7:06  Stalker  
  86  7:07  Gateway  
  94  7:09  Probe  
  94  7:10  Probe, Gateway  
  96  7:18  Colossus  
  96  7:21  Colossus  
  108  7:23  Protoss Ground Weapons Level 2 (Chrono Boost)  
  108  7:25  Extended Thermal Lance  
  108  7:37  Pylon, Observer  
  108  7:40  Nexus  
  108  7:43  Photon Cannon  
  108  7:47  Shield Battery  
  108  7:55  Stalker x3  
  108  7:56  Probe  
  108  7:57  Shield Battery  
  115  8:02  Photon Cannon  
  115  8:05  Photon Cannon  
  114  8:07  Photon Cannon  
  114  8:13  Colossus (Chrono Boost)  
  120  8:25  Pylon  
  120  8:26  Pylon, Colossus (Chrono Boost)  
  124  8:30  Pylon  
  124  8:41  Pylon  
  124  8:43  Stalker  
  124  8:44  Pylon, Stalker x3  
  132  8:55  Probe x3  
  135  9:00  Stalker x4  
  144  9:03  Observer (Chrono Boost)  
  144  9:11  Warp Prism (Chrono Boost)  
  143  9:26  Charge  
  143  9:28  Stalker x7  
  157  9:35  Photon Cannon  
  157  9:37  Photon Cannon  
  157  9:50  Assimilator  
  157  9:51  Assimilator  
  157  9:52  Templar Archives  
  157  9:58  Gateway  
  157  9:59  Gateway  
  157  10:08  Stalker x7  
  157  10:11  Probe  
  157  10:12  Probe  
  173  10:19  Probe  
  174  10:24  Disruptor x2  
  180  10:37  Pylon  
  180  10:38  Pylon  
  160  10:50  Stalker x8  
  148  10:59  Nexus  
  148  11:00  Pylon  
  148  11:09  Probe x2  
  148  11:10  Probe  
  151  11:14  Dark Shrine  
  149  11:18  Fleet Beacon  
Show
View Real Time Build Order
Export as new Build Order

Erik Zerg 

Build Orders: Hatch First 

Get SALT Encoding   

  12  0:00  Drone  
  13  0:08  Drone  
  14  0:15  Extractor, Drone  
  15  0:36  Hatchery  
  15  0:41  Extractor, Drone  
  15  0:47  Overlord  
  15  1:02  Spawning Pool  
  14  1:06  Drone  
  14  1:09  Drone  
  16  1:13  Drone  
  16  1:17  Drone  
  18  1:22  Extractor  
  17  1:28  Drone  
  18  1:38  Drone  
  19  1:48  Queen x2  
  19  1:49  Zergling x2  
  19  1:51  Drone  
  25  1:58  Drone  
  25  2:01  Overlord  
  26  2:09  Drone  
  26  2:13  Drone  
  28  2:20  Drone  
  28  2:21  Drone  
  30  2:26  Metabolic Boost  
  30  2:29  Queen  
  30  2:35  Queen  
  34  2:41  Overlord  
  34  2:44  Overlord  
  34  2:49  Drone x2  
  36  3:00  Drone x5  
  36  3:01  Drone  
  36  3:03  Drone  
  43  3:11  Drone x3  
  46  3:21  Overlord  
  46  3:27  Zergling x2  
  46  3:28  Zergling x10  
  47  3:46  Drone x3  
  50  3:50  Hatchery  
  50  3:52  Drone x2  
  51  3:57  Drone x2  
  53  4:08  Drone x2  
  54  4:17  Drone  
  51  4:21  Drone x4  
  51  4:23  Baneling Nest  
  54  4:25  Extractor, Roach Warren  
  54  4:26  Extractor  
  54  4:29  Queen  
  53  4:37  Zergling x2  
  53  4:38  Zergling x8  
  57  4:49  Zergling x2  
  57  4:50  Zergling x2  
  55  4:54  Drone  
  55  4:56  Drone x3  
  59  5:01  Lair  
  59  5:05  Roach x3  
  65  5:07  Evolution Chamber  
  65  5:10  Spore Crawler  
  65  5:11  Spore Crawler  
  62  5:19  Overlord  
  61  5:24  Drone  
  61  5:25  Drone x5  
  61  5:26  Overlord  
  61  5:28  Overlord  
  66  5:34  Overlord  
  66  5:35  Zerg Melee Weapons Level 1  
  66  5:38  Drone  
  67  5:44  Spore Crawler  
  67  5:45  Drone x2  
  67  5:46  Drone x4  
  72  5:55  Drone x4  
  76  6:00  Hydralisk Den  
  69  6:11  Drone x4  
  69  6:12  Hatchery  
  69  6:16  Drone x3  
  69  6:23  Drone x5  
  73  6:31  Zergling x10  
  73  6:32  Zergling x2  
  79  6:39  Muscular Augments  
  79  6:44  Zergling x2  
  79  6:45  Zergling x10  
  85  6:51  Overlord x3  
  81  6:55  Drone x4  
  81  7:01  Drone  
  81  7:05  Drone x3  
  84  7:09  Drone x4  
  88  7:19  Drone x5  
  93  7:30  Overlord  
  93  7:34  Hydralisk x7  
  107  7:41  Spire, Drone, Overseer  
  107  7:42  Zerg Melee Weapons Level 2  
  107  7:43  Overseer  
  107  7:46  Extractor  
  107  7:48  Spore Crawler  
  107  7:49  Drone x3  
  107  7:50  Drone  
  108  7:56  Drone x3  
  109  8:01  Hydralisk  
  109  8:02  Hydralisk x3  
  117  8:12  Hydralisk x3  
  117  8:13  Hydralisk  
  125  8:22  Overlord  
  125  8:24  Drone x2  
  126  8:27  Extractor  
  126  8:28  Overlord  
  126  8:32  Overlord x2  
  126  8:34  Hydralisk x5  
  135  8:41  Zergling x2  
  135  8:42  Zergling x16  
  135  8:48  Zergling x16  
  145  8:50  Pneumatized Carapace  
  145  8:51  Overlord  
  152  8:56  Infestation Pit  
  152  8:57  Drone  
  152  8:58  Drone x2  
  152  9:00  Extractor  
  153  9:05  Zergling x12  
  154  9:21  Corruptor x4  
  154  9:23  Extractor  
  154  9:27  Zergling x10  
  154  9:28  Zergling x4  
  154  9:30  Overlord x4  
  159  9:36  Extractor  
  158  9:48  Corruptor  
  158  9:49  Corruptor x3  
  166  9:53  Zergling x2  
  166  9:54  Zergling x16  
  174  10:05  Corruptor x3  
  173  10:12  Corruptor  
  175  10:17  Corruptor  
  174  10:24  Corruptor  
  174  10:27  Overlord x2  
  174  10:28  Overlord x2  
  173  10:46  Hydralisk x10  
  153  10:52  Hydralisk x2  
  153  10:56  Zergling x8  
  110  11:05  Zergling x2  
  110  11:06  Zergling x14  
  109  11:13  Zergling x10  
Tags
 
Add a new tag
Caveats
  • Supply blocks, unpowered buildings, or Contaminate may cause inaccurate times.
  • Supply counts are checked every 10 seconds.